 Dungeon Crawl Stone Soup version 0.27.1-2-g3b301248ec (webtiles) character file.

Game seed: 17746158580865618635

82 barney the Changer (level 4, -4/35 HPs)
             Began as a Draconian Transmuter on Sept 29, 2021.
             Killed from afar by Sigmund (9 damage)
             ... with a puff of flame
             ... on level 3 of the Dungeon.
             The game lasted 00:02:28 (2307 turns).

barney the Changer (Draconian Transmuter)           Turns: 2307, Time: 00:02:29

Health: -4/35      AC:  5    Str: 13    XL:     4   Next: 21%
Magic:  4/7        EV: 12    Int: 14    God:
Gold:   72         SH:  0    Dex: 11    Spells: 2/7 levels left

rFire    . . .     SeeInvis .   j - +0 whip (freeze)
rCold    + . .     Faith    .   (no shield)
rNeg     . . .     Spirit   .   (armour unavailable)
rPois    .         Reflect  .   (helmet restricted)
rElec    .         Harm     .   (no cloak)
rCorr    .         Rampage  .   (no gloves)
Will     .....                  (no boots)
Stlth    +.........             (no amulet)
HPRegen  0.11/turn              a - ring of protection from cold
MPRegen  0.10/turn              (no ring)

@: brilliant, very slightly contaminated
A: AC +5, unfitting armour, cold-blooded
a: no special abilities


You were on level 3 of the Dungeon.
You visited 1 branch of the dungeon, and saw 3 of its levels.

You collected 72 gold pieces.

Inventory:

Hand Weapons
 j - a +0 whip of freezing (weapon)
Jewellery
 a - a ring of protection from cold (left hand)
Scrolls
 c - a scroll of vulnerability {unknown}
 f - a scroll of immolation {unknown}
 g - a scroll of teleportation {unknown}
 h - a scroll of summoning {unknown}


   Skills:
 - Level 1.1 Fighting
 - Level 1.7 Dodging
 - Level 3.0 Unarmed Combat
 - Level 2.0 Spellcasting
 * Level 4.5 Transmutations
 + Level 0.2 Ice Magic


You had 2 spell levels left.
You knew the following spells:

 Your Spells              Type           Power      Damage    Failure   Level
a - Beastly Appendage     Tmut           42%        N/A       3%          1
b - Ice Form              Ice/Tmut       12%        N/A       65%         4

Your spell library contained the following spells:

 Spells                   Type           Power      Damage    Failure   Level
 Wereblood                Tmut           21%        N/A       5%          2
 Slow                     Hex            2%         N/A       34%         2
 Spider Form              Tmut/Pois      5%         N/A       28%         3
 Confusing Touch          Hex            2%         N/A       56%         3
 Yara's Violent Unravell  Hex/Tmut       5%         3d4       95%         5


Dungeon Overview and Level Annotations

Branches:
Dungeon (3/15)

Altars:

Annotations:
D:3 Sigmund


Innate Abilities, Weirdness & Mutations

Your plain brown scales are hard. (AC +5)
You cannot fit into any form of body armour.
You are cold-blooded and may be slowed by cold attacks.


Message History

Casting: Beastly Appendage (safe; 3% risk of failure)
Confirm with . or Enter, or press ? or * to list all spells.
Okay, then.
You feel clever all of a sudden.
Casting: Beastly Appendage (safe; 3% risk of failure)
Confirm with . or Enter, or press ? or * to list all spells.
The spell is potentially lethal to cast (65% risk of failure)!
Continue anyway?
You feel a surge of power!
You miscast Ice Form.
You are very lightly contaminated with residual magic.
Frost covers your body! You resist.
Unknown command.
Casting: Ice Form (potentially lethal; 65% risk of failure)
Confirm with . or Enter, or press ? or * to list all spells.
The spell is potentially lethal to cast (65% risk of failure)!
Continue anyway?
You feel a surge of power!
You miscast Ice Form.
Multicoloured lights dance before your eyes.
You are lightly contaminated with residual magic.
Sigmund gestures at you while chanting.
You are confused.
A ball python comes into view.
You aren't carrying any potions.
You're too confused to cast spells.
You bump into the rock wall.
Sigmund barely misses you. Sigmund barely misses you.
You're too confused to move!
You bump into the rock wall.
Sigmund casts a spell.
Sigmund flickers and vanishes!
Deactivating autopickup; reactivate with Ctrl-A.
You bump into the rock wall.
Something hits you.
You bump into the rock wall.
You feel less confused. Something hits you!
A magic dart appears from out of thin air!
The magic dart hits you!
* * * LOW HITPOINT WARNING * * *
There is a stone staircase leading up, spattered with blood here.
A puff of flame appears from out of thin air!
The puff of flame hits you!
You die...

.. #.# #.. ..###.# #.#
.#.<..# #.# ...>..# #.#
......# #S# ...####
##{# ..## #..#
..######## ...#.##
.......... ...#@#
.######### ...#.# .#
#.##.# .# #.##.# .#
#.##.# .# #.##.#
.############.##.#
..............##.######
##.###................#


You could see a ball python.

Vanquished Creatures
  Terence (D:3)
  2 adders
  A dart slug (D:1)
  6 ball pythons
  2 bats (D:2)
  A giant cockroach (D:1)
  4 goblins
  4 hobgoblins
  A quokka (D:1)
  2 frilled lizards
  6 kobolds
  6 rats
36 creatures vanquished.

Vanquished Creatures (others)
  7 toadstools (D:3)
7 creatures vanquished.

Grand Total: 43 creatures vanquished

Notes
Turn   | Place    | Note
-------+----------+-------------------------------------------
     0 | D:1      | barney the Draconian Transmuter began the quest for the
                  | Orb.
     0 | D:1      | Reached XP level 1. HP: 16/16 MP: 3/3
   363 | D:1      | Reached XP level 2. HP: 23/23 MP: 3/5
   375 | D:1      | Found a faded altar of an unknown god.
   689 | D:1      | Reached skill level 3 in Transmutations
  1137 | D:2      | Reached XP level 3. HP: 22/28 MP: 6/6
  1766 | D:2      | Reached skill level 4 in Transmutations
  1971 | D:3      | Noticed Terence
  1993 | D:3      | Killed Terence
  1994 | D:3      | Reached XP level 4. HP: 18/35 MP: 5/7
  2147 | D:3      | Learned a level 4 spell: Ice Form
  2289 | D:3      | Noticed Sigmund
  2307 | D:3      | Killed from afar by Sigmund

Illustrated notes

Levels and vault maps discovered:
D:1:      mushboom_english_gardens, layout_basic, basic_ecumenical_altar
D:2:      layout_loops_ring, small_statue_intersection
D:3:      cheibrodos_fertilizer, layout_loops_ring, lexackson_kobold_supper,
          uniq_sigmund, uniq_terence

Skill      XL: |  1  2  3 |
---------------+----------+-----
Transmutations | 3 4 |  4.5
Fighting       | |  1.1
Dodging        | |  1.7
Unarmed Combat | |  3.0
Spellcasting   | |  2.0
Ice Magic      | |  0.2

Action                   |  1- 3 |  4- 6 || total
-------------------------+-------+-------++-------
Melee: Unarmed           |    58 |       ||    58
       Headbutt          |     4 |       ||     4
       Kick              |     6 |     1 ||     7
       Tailslap          |    10 |     1 ||    11
       Falchion          |    33 |       ||    33
       Punch             |     2 |       ||     2
       Whip              |    16 |     1 ||    17
 Cast: Beastly Appendage |    15 |     1 ||    16
  Use: Potion            |     2 |     1 ||     3
       Scroll            |       |     1 ||     1
 Stab: Sleeping          |     1 |       ||     1
Armor: Skin              |    36 |       ||    36
Dodge: Dodged            |    83 |     5 ||    88
       Rpst.: Falchion   |    10 |       ||    10
